 Dungeon Crawl Stone Soup version 0.30-a0-365-ge7f957f1db (webtiles) character file.

Game seed: 10726250652052411002

4904 qeuew the Chopper (level 10, -4/53 HPs)
             Began as a Vine Stalker Fighter on Nov 17, 2022.
             Was a Follower of the Shining One.
             Slain by a vault guard
             ... wielding a +0 broad axe
              (13 damage)
             ... in a bailey.
             The game lasted 00:09:00 (4576 turns).

qeuew the Chopper (Vine Stalker Fighter)            Turns: 4576, Time: 00:09:01

Health: -4/53      AC:  8    Str: 21    XL:     10   Next: 51%
Magic:  0/18       EV: 12    Int:  7    God:    the Shining One [*.....]
Gold:   473        SH: 13    Dex: 19    Spells: 19/19 levels left

rFire   + . .      SeeInvis .    a - +1 war axe (vorpal)
rCold   + . .      Faith    .    c - +0 buckler
rNeg    . . .      Spirit   +    b - +1 scale mail
rPois   +          Reflect  .    (helmet restricted)
rElec   +          Harm     .    (no cloak)
rCorr   +          Rampage  .    (no gloves)
Will    +....                    (no boots)
Stlth   ..........               (no amulet)
HPRegen 1.08/turn                (no ring)
MPRegen 0.16/turn                (no ring)

@: divinely shielded, resistant, glowing
A: fangs 3, regeneration 1, magic shield, antimagic bite, no potion heal 2,
horns 1, agile 1
a: Renounce Religion, Divine Shield


You were in a bailey.
You worshipped the Shining One.
The Shining One was aware of your devotion.
You visited 2 branches of the dungeon, and saw 8 of its levels.
You also visited: Bailey.

You collected 473 gold pieces.

Inventory:

Hand Weapons
 a - a +1 vorpal war axe (weapon)
Armour
 b - a +1 scale mail (worn)
 c - a +0 buckler (worn)
 m - a +0 pair of gloves
Wands
 g - a wand of polymorph (7)
Scrolls
 d - a scroll of enchant weapon
 f - 5 scrolls of identify
 k - a scroll of teleportation
 l - 2 scrolls of fear
Potions
 h - a potion of curing
 i - 2 potions of magic
 n - a potion of invisibility {unknown}
 o - a potion of cancellation {unknown}
 p - a potion of brilliance {unknown}


   Skills:
 + Level 5.7 Fighting
 * Level 7.2 Axes
 + Level 5.0 Armour
 + Level 4.2 Dodging
 + Level 5.5 Shields
 + Level 5.1 Spellcasting
 + Level 3.5 Invocations
 + Level 3.2 Evocations


You had 19 spell levels left.
You didn't know any spells.
Your spell library contained the following spells:

 Spells                   Type           Power      Damage    Failure   Level
 Necrotise                Necr           4%         1d4       67%         1
 Sandblast                Erth           2%         2d4       67%         1
 Passwall                 Tmut/Erth      0%         N/A       80%         2
 Stone Arrow              Conj/Erth      2%         3d7       95%         3
 Vampiric Draining        Necr           1%         2d6       95%         3
 Agony                    Necr           1%         N/A       100%        5
 Yara's Violent Unravell  Hex/Tmut       0%         3d3       100%        5
 Enfeeble                 Hex            0%         N/A       100%        7


Dungeon Overview and Level Annotations

Branches:
Dungeon (7/15)             Temple (1/1) D:4          Bailey (1/1)

Altars:
Ashenzari
Cheibriados
Dithmenos
Elyvilon
Gozag
Kikubaaqudgha
Nemelex Xobeh
Okawaru
Qazlal
Ru
Sif Muna
Trog
Vehumet
Wu Jian
Zin
The Shining One

Shops:
D:4 (

Annotations:
Temple 2 transporters


Innate Abilities, Weirdness & Mutations

You have razor-sharp teeth.
Your natural rate of healing is unusually fast.
When hurt, damage is shared between your health and your magic reserves.
Your bite disrupts and absorbs the magic of your enemies.
Potions cannot restore your health.
You have a pair of small horns on your head.
You are agile. (Dex +4, Str/Int -1)


Message History

The vault guard is caught in the net!
The vault guard is lightly wounded.
The vault guard struggles against the net.
You hit the vault guard. You headbutt the vault guard.
You bite the vault guard, but do no damage.
The vault guard is moderately wounded.
The vault guard struggles against the net. x2
You hit the vault guard but do no damage.
You bite the vault guard, but do no damage.
The vault guard is moderately wounded.
The vault guard struggles against the net.
You hit the vault guard but do no damage.
You headbutt the vault guard, but do no damage.
You bite the vault guard. You drain its power.
You feel invigorated.
The vault guard is heavily wounded.
The vault guard struggles against the net.
You hit the vault guard but do no damage.
You headbutt the vault guard, but do no damage.
You bite the vault guard, but do no damage.
The vault guard is moderately wounded.
The vault guard struggles against the net.
The net rips apart, and the vault guard comes free!
Throw: throwing net
Press: ? - help, Q - select action, (/) - cycle Shift-Dir - straight line, f/p - vault guard
Aim: a vault guard, wielding a +0 broad axe and wearing a +0 plate armour (moderately wounded, haloed, 80% to hit)
You throw a throwing net.
The throwing net completely misses the vault guard.
The vault guard hits you with a +0 broad axe!
Your shield is strengthened by the Shining One's divine power.
You block the vault guard's attack.
You hit the vault guard.
You headbutt the vault guard, but do no damage.
The vault guard is heavily wounded.
The vault guard hits you with a +0 broad axe!!
* * * LOW HITPOINT WARNING * * *
Unknown command.
It was a potion of resistance.
You feel protected.
The vault guard hits you with a +0 broad axe!
You die...

##≈~~....~.....##
#≈~~~..(~~.~≈≈≈.#
#≈~~~.~...~≈###'#
#≈~~~~..~~≈##~†.#
###≈~~~....~≈#~..~#
##.#≈~~~.~.~≈##..~##
##..##≈~~~..~≈#?..~
##....#≈~≈≈~p~≈#?.~#
#.....##≈##≈@~≈####
#.....)####≈)))≈#
#.....)'..#≈)÷~≈#
###†####..###'###
##~~~##...#...÷.#
#~~~~~#...#.....#
#~~~~~#...####..#
#~~~~~#))..#....#
##~~#'#'#......##


You could see a vault guard.

Vanquished Creatures
  A vault guard (Bailey)
  A hornet (D:5)
  Prince Ribbit (D:6)
  A blink frog (Bailey)
  A wyvern (D:7)
  8 humans (Bailey)
  A water moccasin (D:7)
  An orc warrior (Bailey)
  An ice beast (D:7)
  A black bear (D:4)
  2 ogres
  A centaur (D:6)
  12 bullfrogs
  4 scorpions
  2 necrophages
  3 hounds
  3 orc priests
  A jelly (D:6)
  Ijyb (D:4)
  6 iguanas
  4 orc wizards
  6 adders
  3 gnolls (D:6)
  2 shadow imps
  A worm (D:2)
  2 dart slugs (D:1)
  24 orcs
  12 ball pythons
  8 endoplasms
  5 giant cockroaches
  9 goblins
  9 hobgoblins
  7 kobolds
  4 quokkas
  5 bats
  6 frilled lizards
  6 rats
165 creatures vanquished.

Vanquished Creatures (others)
  2 plants (D:2)
2 creatures vanquished.

Grand Total: 167 creatures vanquished

Notes
Turn   | Place    | Note
-------+----------+-------------------------------------------
     0 | D:1      | qeuew the Vine Stalker Fighter began the quest for the Orb.
     0 | D:1      | Reached XP level 1. HP: 11/11 MP: 2/2
   109 | D:1      | You fall into a shaft and drop 1 floor!
   140 | D:2      | Reached skill level 2 in Axes
   140 | D:2      | Reached XP level 2. HP: 16/16 MP: 3/3
   510 | D:1      | Reached XP level 3. HP: 19/19 MP: 4/4
   942 | D:2      | Reached skill level 1 in Spellcasting
  1064 | D:2      | Gained mutation: Your natural rate of healing is unusually
                  | fast. [Vine Stalker growth]
  1064 | D:2      | Reached XP level 4. HP: 20/24 MP: 6/6
  1270 | D:2      | Reached skill level 1 in Dodging
  1300 | D:2      | Gained mutation: You are agile. (Dex +4, Str/Int -1)
                  | [potion of mutation]
  1300 | D:2      | Gained mutation: You have a pair of small horns on your
                  | head. [potion of mutation]
  1502 | D:3      | Reached XP level 5. HP: 28/28 MP: 6/8
  2004 | D:4      | Noticed Ijyb
  2039 | D:4      | Killed Ijyb
  2040 | D:4      | Reached skill level 3 in Axes
  2117 | D:4      | Noticed an ogre
  2124 | D:4      | Killed an ogre
  2125 | D:4      | Reached XP level 6. HP: 32/32 MP: 9/9
  2184 | D:4      | Found Xuppigeb's Firing Range.
  2284 | D:4      | Noticed a black bear
  2290 | D:4      | Killed a black bear
  2344 | D:4      | Reached XP level 7. HP: 35/36 MP: 11/11
  2469 | D:4      | Found a staircase to the Ecumenical Temple.
  2479 | Temple   | Entered the Ecumenical Temple
  2479 | Temple   | Found a transporter.
  2479 | Temple   | Found a transporter.
  2481 | Temple   | Found a transporter.
  2481 | Temple   | Found a transporter.
  2499 | Temple   | Became a worshipper of the Shining One
  2547 | D:4      | Reached skill level 4 in Axes
  2817 | D:5      | Entered Level 5 of the Dungeon
  3086 | D:5      | Gained mutation: You have razor-sharp teeth. [Vine Stalker
                  | growth]
  3086 | D:5      | Reached XP level 8. HP: 42/42 MP: 13/13
  3310 | D:5      | Noticed a hornet
  3312 | D:5      | Paralysed by a hornet for 1 turns
  3319 | D:5      | Killed a hornet
  3320 | D:5      | Reached skill level 5 in Axes
  3486 | D:6      | Noticed Prince Ribbit
  3496 | D:6      | Killed Prince Ribbit
  3635 | D:6      | Reached skill level 1 in Evocations
  3724 | D:6      | Reached skill level 1 in Invocations
  3946 | D:7      | Reached * piety under the Shining One
  3947 | D:7      | Noticed a wyvern
  3953 | D:7      | Killed a wyvern
  3954 | D:7      | Reached XP level 9. HP: 44/46 MP: 12/16
  4125 | D:7      | Found a flagged portal.
  4131 | D:7      | Reached skill level 6 in Axes
  4138 | Bailey   | Entered a bailey
  4154 | Bailey   | Reached skill level 5 in Fighting
  4164 | Bailey   | Reached skill level 5 in Shields
  4229 | Bailey   | Reached XP level 10. HP: 15/51 MP: 5/18
  4272 | Bailey   | Noticed a vault guard
  4282 | Bailey   | Killed a vault guard
  4296 | Bailey   | Reached skill level 5 in Spellcasting
  4364 | Bailey   | Noticed a vault guard
  4370 | Bailey   | Reached skill level 7 in Axes
  4513 | Bailey   | Reached skill level 5 in Armour
  4576 | Bailey   | Slain by a vault guard

Illustrated notes

Levels and vault maps discovered:
D:1:      elethiomel_arrival_quiet, layout_basic,
          nicolae_concentric_dashed_squares_mild, minmay_tromino_v4_c
D:2:      layout_rooms, minmay_shallow_snake_nest
D:3:      layout_basic, due_unseen_surprise
D:4:      layout_basic, minmay_temple_entry_mist, nicolae_shop_firing_range,
          uniq_ijyb
D:5:      layout_basic
D:6:      layout_cave_pools, minmay_misc_feat_ornament, uniq_prince_ribbit1
D:7:      layout_cave_pools, makhleb_blood_cavern_becter, enter_bailey_3
Temple:   hellmonk_temple_divided_pantheon
Bailey:   bailey_axe_froggy_fort_hellmonk, bailey

Skill      XL: |  1  2  3  4  5  6  7  8  9 10 |
---------------+-------------------------------+-----
Axes           | 2 3 4 5 6 7 |  7.2
Fighting       | 3 4 5 |  5.7
Spellcasting   | 1 2 3 4 5 |  5.1
Shields        | 3 4 5 |  5.5
Dodging        | 1 2 3 4 |  4.2
Armour         | 3 4 5 |  5.0
Evocations     | 1 2 3 |  3.2
Invocations    | 1 2 3 |  3.5

Action                   |  1- 3 |  4- 6 |  7- 9 | 10-12 || total
-------------------------+-------+-------+-------+-------++-------
Melee: War axe           |    72 |    86 |   156 |    57 ||   371
       Bite              |    17 |    17 |    61 |    31 ||   126
       Headbutt          |       |    17 |    46 |    20 ||    83
Throw: Throwing net      |       |     2 |       |     2 ||     4
Invok: Divine Shield     |       |       |       |     1 ||     1
  Use: Scroll            |     3 |     8 |     5 |     2 ||    18
       Potion            |       |     3 |     1 |     1 ||     5
Armor: Scale mail        |    22 |    36 |    49 |    17 ||   124
Dodge: Dodged            |    32 |    44 |    88 |    25 ||   189
Block: Buckler           |    17 |    22 |    57 |    18 ||   114

Table legend: (Time is in decaauts)
 A = Elapsed time spent in this place.
 B = Non-inter-level travel time spent in this place.
 C = Inter-level travel time spent in this place.
 D = Time resting spent in this place.
 E = Time spent auto-exploring this place.
 F = Levels seen in this place.
 G = Mean time per level.
                   A        B        C        D        E       F      G
               +--------+--------+--------+--------+--------+-----+--------+
         Total |   4709 |   4529 |    180 |    151 |   3371 |   9 |  523.2 |
       Dungeon |   4214 |   4047 |    167 |     83 |   3176 |   7 |  602.0 |
        Temple |     34 |     22 |     12 |      0 |      3 |   1 |   34.0 |
        Bailey |    460 |    460 |      0 |     68 |    192 |   1 |  460.0 |
               +--------+--------+--------+--------+--------+-----+--------+

Top non-repeatable levels by time:
     D:4: 822 daAuts
     D:1: 784 daAuts
     D:5: 681 daAuts
     D:3: 637 daAuts
     D:2: 612 daAuts
     D:6: 469 daAuts
  Bailey: 460 daAuts
     D:7: 206 daAuts
  Temple: 34 daAuts
